AoeStats
← lamanito6

Fortress

507518399Analyzed
4v4 RM · 14d ago on Sep 18, 2026· 82m 1s· 8 players
Game mode
Random Map
Map size
Huge
Population
200
Speed
Normal
Resources
Standard
Victory
Conquest
Starting age
Dark Age
Ending age
Imperial Age
RankedLock teamsTeams togetherTeam positionsShared explorationLock speedFull tech treeHidden civsTurbo modeCheats
Victory
Defeat
🇷🇴 Franks · Romania
1368
+8
🇩🇪 Saracens · Germany
1200
+15
🇪🇸 Bohemians · Spain
1160
+16
🇷🇴 Georgians · Romania
1130
+18
🇨🇳 Jurchens · China
1207
-16
🇯🇵 Maya · Japan
1178
-14
🇨🇳 Mongols · China
1159
-14
🇺🇸 Japanese · United States
1139
-13
Wallep
7:34 Feudal Age
8:40 Double-Bit Axe
12:03 Castle Age
10:01 Horse Collar
15:23 Bow Saw
16:20 Wheelbarrow
19:15 Scale Barding Armor
22:39 Chain Barding Armor
23:29 Heavy Plow
24:43 Hand Cart
29:12 Imperial Age
27:00 Forging
29:07 Bloodlines
28:58 Husbandry
30:29 Plate Barding Armor
30:30 Iron Casting
29:57 Elite Mameluke
31:38 Loom
31:44 Fletching
31:56 Padded Archer Armor
31:17 Heavy Camel Rider
33:19 Hoardings
34:17 Chemistry
33:20 Town Watch
33:44 Capped Ram
35:01 Stone Mining
36:40 Blast Furnace
37:41 Bodkin Arrow
38:01 Leather Archer Armor
37:45 Herbal Medicine
40:07 Bracer
40:37 Ring Archer Armor
40:29 Counterweights
39:46 Siege Ram
40:29 Light Cavalry
43:07 Hussar
45:11 Town Patrol
45:12 Scale Mail Armor
48:47 Bimaristan
57:05 Conscription
57:01 Chain Mail Armor
58:21 Caravan
lamanito6
2:57 Loom
7:25 Feudal Age
7:46 Horse Collar
7:52 Double-Bit Axe
13:57 Castle Age
22:48 Wheelbarrow
23:31 Fletching
25:00 Ballistics
24:51 Fortified Wall
29:10 Imperial Age
32:39 Chemistry
33:04 Wagenburg Tactics
32:59 Houfnice
33:08 Houfnice
36:06 Elite Hussite Wagon
37:09 Caravan
57:45 Bodkin Arrow
57:53 Padded Archer Armor
60:20 Leather Archer Armor
72:36 Ring Archer Armor
eXpertS-
7:40 Feudal Age
8:08 Horse Collar
8:28 Double-Bit Axe
9:57 Loom
13:24 Castle Age
13:01 Scale Barding Armor
13:55 Forging
16:56 Heavy Plow
20:30 Wheelbarrow
21:52 Fortified Wall
25:21 Gold Mining
25:24 Stone Mining
29:12 Imperial Age
27:40 Chain Barding Armor
27:57 Bow Saw
29:06 Masonry
30:38 Conscription
30:56 Crop Rotation
31:23 Plate Barding Armor
31:54 Hand Cart
32:41 Iron Casting
32:27 Squires
32:14 Gambesons
32:23 Fletching
33:11 Elite Monaspa
35:00 Aznauri Cavalry
35:26 Siege Engineers
35:27 Heavy Scorpion
42:34 Chemistry
42:22 Pikeman
43:05 Scale Mail Armor
44:11 Caravan
44:43 Coinage
44:51 Chain Mail Armor
51:06 Guilds
52:29 Architecture
51:56 Murder Holes
52:14 Town Watch
52:56 Ballistics
52:56 Man-at-Arms
53:36 Long Swordsman
54:46 Padded Archer Armor
54:43 Two-Handed Swordsman
57:23 Plate Mail Armor
58:41 Leather Archer Armor
60:19 Ballistics
62:42 Capped Ram
64:05 Siege Ram
66:34 Elite Skirmisher
67:45 Bodkin Arrow
71:37 Bracer
74:18 Guard Tower
77:29 Blast Furnace
77:01 Banking
77:14 Stone Shaft Mining
80:19 Halberdier
Vige
7:33 Feudal Age
12:56 Castle Age
11:57 Double-Bit Axe
13:16 Wheelbarrow
12:28 Loom
14:06 Bow Saw
15:35 Hand Cart
17:08 Fervor
20:34 Town Watch
27:24 Imperial Age
25:05 Gold Mining
25:06 Stone Mining
26:31 Scale Barding Armor
26:36 Forging
26:17 Fletching
26:30 Husbandry
25:50 Light Cavalry
27:37 Town Patrol
28:33 Gold Shaft Mining
27:44 Cavalier
29:18 Chivalry
29:39 Conscription
30:20 Chain Barding Armor
30:36 Iron Casting
30:07 Paladin
31:40 Plate Barding Armor
33:34 Blast Furnace
33:45 Bodkin Arrow
34:58 Caravan
37:44 Ballistics
37:35 Fortified Wall
37:36 Masonry
37:32 Siege Engineers
37:23 Murder Holes
38:29 Chemistry
40:12 Scale Mail Armor
40:14 Pikeman
40:54 Squires
40:40 Arson
41:36 Coinage
41:31 Halberdier
42:30 Chain Mail Armor
43:41 Plate Mail Armor
45:54 Elite Throwing Axeman
46:55 #83
50:04 Hoardings
54:52 Banking
59:19 Padded Archer Armor
61:14 Architecture
60:35 Guard Tower
60:31 Arrowslits
74:10 Man-at-Arms
74:35 Gambesons
77:59 Long Swordsman
danisan
7:59 Feudal Age
12:28 Castle Age
10:45 Double-Bit Axe
12:15 Horse Collar
17:22 Bow Saw
18:50 Wheelbarrow
20:51 Heavy Plow
20:50 Pikeman
21:30 Squires
22:43 Gold Mining
23:58 Forging
25:10 Scale Mail Armor
26:07 Hand Cart
26:27 Town Watch
26:29 Loom
29:57 Imperial Age
28:31 Chain Mail Armor
28:55 Town Patrol
29:07 Yasama
29:37 Ballistics
29:10 Guard Tower
31:09 Gold Shaft Mining
31:57 Keep
31:18 Arrowslits
31:20 Halberdier
31:48 Arson
32:55 Iron Casting
32:50 Plate Mail Armor
33:21 Conscription
33:27 Conscription
35:26 Kataparuto
36:38 Chemistry
38:24 Blast Furnace
37:28 Caravan
37:58 Coinage
50:19 Heavy Cavalry Archer
51:24 Parthian Tactics
50:54 Fletching
51:05 Padded Archer Armor
51:39 Bodkin Arrow
52:24 Keep
52:58 Bracer
53:13 Leather Archer Armor
56:24 Ring Archer Armor
70:19 Elite Skirmisher
71:05 Thumb Ring
72:13 Onager
KJI
6:08 Feudal Age
8:13 Loom
11:14 Castle Age
9:48 Horse Collar
12:21 Gold Mining
16:10 Wheelbarrow
16:20 Scale Mail Armor
17:05 Eagle Warrior
21:40 Double-Bit Axe
22:22 Heavy Plow
22:28 Fletching
25:59 Bodkin Arrow
36:28 Imperial Age
35:40 Stone Mining
37:58 Conscription
40:09 Bow Saw
44:45 Fortified Wall
45:01 Crossbowman
49:05 Crop Rotation
50:22 Arbalester
55:01 Bracer
59:03 Padded Archer Armor
64:51 Ballistics
66:28 Pikeman
67:34 Forging
71:13 Caravan
71:38 Halberdier
73:08 Chain Mail Armor
73:29 Iron Casting
hawki2518
7:37 Feudal Age
8:32 Double-Bit Axe
8:52 Horse Collar
14:33 Castle Age
22:38 Bow Saw
22:45 Heavy Plow
25:34 Wheelbarrow
25:21 Loom
28:54 Imperial Age
26:34 Town Watch
27:39 Hand Cart
28:22 Forging
28:18 Scale Barding Armor
28:28 Treadmill Crane
29:10 Ballistics
29:04 Fortified Wall
29:05 Masonry
29:40 Iron Casting
29:19 Bloodlines
29:10 Husbandry
29:16 Squires
29:56 Stone Mining
29:59 Gold Mining
29:46 Elite Steppe Lancer
30:49 Conscription
30:36 Fortified Bastions
31:16 Hoardings
31:05 Chain Barding Armor
32:07 Two-Man Saw
31:48 Stone Shaft Mining
31:51 Gold Shaft Mining
31:50 Architecture
32:21 Chemistry
33:07 Blast Furnace
32:43 Plate Barding Armor
32:35 Town Patrol
34:00 Chemistry
32:56 Murder Holes
34:39 Fletching
34:53 Padded Archer Armor
36:13 Siege Engineers
42:39 Bodkin Arrow
42:46 Padded Archer Armor
45:02 Elite Iron Pagoda
45:08 Heavy Cavalry Archer
45:53 Bracer
46:09 Leather Archer Armor
45:56 Scale Mail Armor
47:59 Elite Skirmisher
48:45 Light Cavalry
49:48 Caravan
50:18 Coinage
49:59 Guilds
50:10 Chain Mail Armor
53:39 Ring Archer Armor
53:10 Hussar
59:29 Crop Rotation
65:23 Elite Fire Lancer
65:49 Arson
dragonhunter
3:29 Loom
8:49 Feudal Age
12:54 Castle Age
10:55 Double-Bit Axe
12:26 Horse Collar
13:27 Stone Mining
15:49 Bow Saw
15:58 Loom
18:58 Gold Mining
19:22 Heavy Plow
20:13 Wheelbarrow
20:15 Fletching
24:40 Ballistics
25:13 Hand Cart
27:36 Imperial Age
25:53 Hand Cart
26:22 Bodkin Arrow
27:17 Padded Archer Armor
29:10 Gold Shaft Mining
28:51 Bracer
29:09 Leather Archer Armor
29:36 Elite Mangudai
31:05 Forging
32:04 Conscription
32:19 Bloodlines
32:44 Light Cavalry
34:26 Iron Casting
34:32 Husbandry
33:54 Hussar
37:28 Chemistry
36:39 Masonry
37:35 Blast Furnace
36:37 Caravan
38:04 Drill
37:31 Onager
38:32 Scale Barding Armor
38:55 Parthian Tactics
43:11 Elite Skirmisher
44:14 Chain Barding Armor
43:52 Capped Ram
65:46 Siege Ram
66:59 Pikeman
Connection lost

Rejoining the realm…

Still unreachable

The connection could not be restored.

Session expired

The server has moved on; the page needs a fresh start.